 Dungeon Crawl Stone Soup version 0.31-a0-521-gc7390f8 (webtiles) character file.

Game seed: 17446355695374995147

656 Dorkslayer the Cudgeller (level 7, -5/67 HPs)
             Began as a Troll Fighter on Aug 10, 2023.
             Slain by an ogre
             ... wielding a +0 giant club
              (14 damage)
             ... on level 5 of the Dungeon.
             The game lasted 00:11:42 (3199 turns).

Dorkslayer the Cudgeller (Troll Fighter)            Turns: 3199, Time: 00:11:43

Health: -5/67      AC:  4    Str: 25    XL:     7   Next: 29%
Magic:  6/6        EV:  9    Int:  4    God:
Gold:   297        SH:  8    Dex: 11    Spells: 6/6 levels left

rFire   . . .        a - +0 flail
rCold   + . .        c - +0 kite shield
rNeg    . . .        b - +0 robe
rPois   +            (helmet currently unavailable)
rElec   .            (cloak currently unavailable)
rCorr   .            (gloves unavailable)
SInv    .            (boots unavailable)
Will    .....        (no amulet)
Stlth   +            q - ring of protection from cold
HPRegen 1.11/turn    u - ring of poison resistance
MPRegen 0.10/turn

%: no passive effects
@: beast-form
A: beast (slay +0), large, unfitting armour, claws 3, regeneration 1, shaggy fur
1, tough skin 1
a: Begin Untransformation


You were on level 5 of the Dungeon.
You were a hulking beast.
You visited 1 branch of the dungeon, and saw 5 of its levels.

You collected 297 gold pieces.

Inventory:

Hand Weapons
 a - a +0 flail (weapon)
Missiles
 n - 6 boomerangs (quivered)
Armour
 b - a +0 robe (worn)
 c - a +0 kite shield (worn)
Jewellery
 q - a ring of protection from cold (left claw)
 u - a ring of poison resistance (right claw)
Wands
 d - a wand of flame (15)
 s - a wand of acid (5)
Scrolls
 e - a scroll of amnesia
 g - a scroll of blinking
 k - a scroll of vulnerability
 l - a scroll of teleportation
 o - a scroll of fear
Potions
 f - 2 potions of curing
 h - a potion of heal wounds
 i - a potion of mutation {unknown}
 j - a potion of magic
 p - a potion of enlightenment {unknown}
 r - a potion of haste {unknown}
 t - a potion of berserk rage {unknown}


   Skills:
 + Level 3.4 Fighting
 + Level 4.9 Maces & Flails
 + Level 3.8 Dodging
 + Level 0.7 Stealth
 + Level 3.8 Shields
 * Level 0.7 Evocations


You had 6 spell levels left.
You didn't know any spells.
Your spell library contained the following spells:

 Spells                   Type           Power      Damage    Failure   Level
 Wereblood                Tmut           0%         N/A       87%         2
 Ozocubu's Armour         Ice            0%         N/A       98%         3
 Animate Armour           Summ/Erth      0%         N/A       100%        4
 Summon Lightning Spire   Summ/Air       0%         N/A       100%        4
 Irradiate                Conj/Tmut      0%         3d11      100%        5
 Lee's Rapid Deconstruct  Erth           0%         3d4*      100%        5
 Ozocubu's Refrigeration  Ice            0%         4d7       100%        7


Dungeon Overview and Level Annotations

Branches:
Dungeon (5/15)
 Temple: D:4-7

Altars:
Cheibriados
Elyvilon
Nemelex Xobeh
Qazlal
Ru
Yredelemnul


Innate Abilities, Weirdness & Mutations

You are a hulking beast.
Your limbs bulge with bestial killing power. (Slay +0)
You are too large for most types of armour.
You have claws for hands.
Your natural rate of healing is unusually fast.
You are covered in fur. (AC +1)
You have tough skin. (AC +1)


Message History

There is a stone staircase leading up here.
Found a stone staircase leading down.
You now have 297 gold pieces (gained 14).
A scorpion comes into view.
Found 7 stones.
You barely miss the scorpion. The scorpion barely misses you.
The scorpion stings you.
You barely miss the scorpion. The scorpion completely misses you.
You sock the scorpion!
The scorpion is severely wounded.
The scorpion closely misses you. The scorpion stings you.
You hit the scorpion.
You kill the scorpion!
An ogre and an orc come into view.
You see here a scorpion corpse.
The helpless orc fails to defend itself.
You thump the orc!
You kill the orc!
You hit the ogre.
The ogre is lightly wounded.
The ogre hits you with a +0 giant club!
You barely miss the ogre.
The ogre is lightly wounded.
You block the ogre's attack.
You barely miss the ogre.
The ogre is lightly wounded.
The ogre hits you with a +0 giant club!!
You hit the ogre but do no damage.
The ogre is lightly wounded.
The ogre hits you with a +0 giant club!!
* * * LOW HITPOINT WARNING * * *
You sock the ogre!
The ogre is moderately wounded.
You barely miss the ogre.
The ogre is moderately wounded.
The ogre closely misses you.
You sock the ogre!
The ogre is severely wounded.
The ogre hits you with a +0 giant club!
You die...

##...#..####......#
.
#...#............#
#...#.[.....#.####
#...#########.#..
#...# #.#.# #...
#.#.#### #.†..(.#
###O##.# #h#
#)......# #########


You could see an ogre.

Vanquished Creatures
  Grinder (D:3)
  Sigmund (D:3)
  A scorpion (D:5)
  An orc priest (D:3)
  Crazy Yiuf (D:3)
  Ijyb (D:3)
  8 adders
  3 worms
  2 dart slugs
  8 orcs
  6 bats
  10 endoplasms
  6 giant cockroaches
  5 hobgoblins
  3 jackals (D:4)
  4 quokkas
  7 ball pythons
  4 frilled lizards
  3 goblins
  13 kobolds
  5 rats
93 creatures vanquished.

Notes
Turn   | Place    | Note
-------+----------+-------------------------------------------
     0 | D:1      | Dorkslayer the Troll Fighter began the quest for the Orb.
     0 | D:1      | Reached XP level 1. HP: 22/22 MP: 0/0
   290 | D:1      | Reached XP level 2. HP: 29/29 MP: 1/1
   342 | D:1      | Found a faded altar of an unknown god.
   779 | D:2      | Reached skill level 2 in Maces & Flails
   785 | D:2      | Reached XP level 3. HP: 36/36 MP: 2/2
   895 | D:2      | Upgraded the game from 0.31-a0-517-g48e1739 to
                  | 0.31-a0-521-gc7390f8
   934 | D:2      | Found a stormy altar of Qazlal.
  1127 | D:2      | Reached XP level 4. HP: 44/44 MP: 3/3
  1598 | D:3      | Found a basalt altar of Yredelemnul.
  1598 | D:3      | Found a stormy altar of Qazlal.
  1598 | D:3      | Found a sacrificial altar of Ru.
  1598 | D:3      | Found a white marble altar of Elyvilon.
  1689 | D:3      | Noticed Sigmund
  1702 | D:3      | Killed Sigmund
  1703 | D:3      | Reached skill level 3 in Maces & Flails
  1703 | D:3      | Reached XP level 5. HP: 37/53 MP: 4/4
  1763 | D:3      | Reached XP level 6. HP: 57/61 MP: 5/5
  1900 | D:3      | Identified the +0 leather armour "Zicre" {Will+}
  1919 | D:3      | Noticed Grinder
  1932 | D:3      | Paralysed by Grinder for 3 turns
  1941 | D:3      | Killed Grinder
  1942 | D:3      | Reached skill level 4 in Maces & Flails
  2061 | D:3      | Found a runed translucent door.
  2062 | D:3      | Noticed Crazy Yiuf
  2091 | D:3      | Noticed Ijyb
  2103 | D:3      | Killed Ijyb
  2416 | D:3      | Killed Crazy Yiuf
  2417 | D:3      | Reached XP level 7. HP: 14/67 MP: 6/6
  2848 | D:4      | Found a snail-covered altar of Cheibriados.
  3113 | D:4      | Found a sparkling altar of Nemelex Xobeh.
  3146 | D:5      | Entered Level 5 of the Dungeon
  3199 | D:5      | Slain by an ogre

Illustrated notes

Levels and vault maps discovered:
D:1:      dpeg_arrival_stonehenge_8_columns, layout_basic,
          hellmonk_ecumenical_altar_zigzags
D:2:      layout_loops_ring, basic_altar, kennysheep_pointless_box
D:3:      layout_loops_ring, grunt_temple_overflow_open, uniq_sigmund,
          uniq_crazy_yiuf_cottage, uniq_grinder, uniq_ijyb
D:4:      kennysheep_big_flooded_room, layout_basic,
          nemelex_diamond_rough_becter, slow_altar_1
D:5:      layout_loops_cross, glass_columns_b, uniq_edmund

Skill      XL: |  1  2  3  4  5  6 |
---------------+-------------------+-----
Shields        | 3 |  3.8
Maces & Flails | 2 3 4 |  4.9
Dodging        | 3 |  3.8
Fighting       | 3 |  3.4
Stealth        | |  0.7
Evocations     | |  0.7

Action                     |  1- 3 |  4- 6 |  7- 9 || total
---------------------------+-------+-------+-------++-------
  Melee: Flail             |   130 |   108 |    85 ||   323
    Use: Scroll            |       |     9 |     2 ||    11
         Potion            |       |     3 |       ||     3
   Stab: Sleeping          |     2 |       |     1 ||     3
         Distracted        |       |     1 |       ||     1
 Armour: Robe              |    51 |    28 |    22 ||   101
  Dodge: Dodged            |    48 |    31 |    29 ||   108
  Block: Kite shield       |    52 |    37 |    37 ||   126
   Form: Beast             |       |     1 |       ||     1

Table legend: (Time is in decaauts)
 A = Elapsed time spent in this place.
 B = Non-inter-level travel time spent in this place.
 C = Inter-level travel time spent in this place.
 D = Time resting spent in this place.
 E = Time spent auto-exploring this place.
 F = Levels seen in this place.
 G = Mean time per level.
                   A        B        C        D        E       F      G
               +--------+--------+--------+--------+--------+-----+--------+
         Total |   3314 |   3314 |      0 |     32 |    999 |   5 |  662.8 |
       Dungeon |   3314 |   3314 |      0 |     32 |    999 |   5 |  662.8 |
               +--------+--------+--------+--------+--------+-----+--------+

Top non-repeatable levels by time:
     D:3: 953 daAuts
     D:2: 907 daAuts
     D:1: 746 daAuts
     D:4: 650 daAuts
     D:5: 56 daAuts
